 Dungeon Crawl Stone Soup version 0.32-a0-685-g93135e86f0 (webtiles) character file.

Game seed: 8207700528196713853

56 CowFu the Slasher (level 3, 0/27 HPs)
             Began as a Coglin Warper on Mar 12, 2024.
             Frozen to death by an endoplasm (1 damage)
             ... on level 3 of the Dungeon.
             The game lasted 00:02:32 (1610 turns).

CowFu the Slasher (Coglin Warper)                   Turns: 1610, Time: 00:02:33

Health: 0/27       AC: 10    Str: 13    XL:     3   Next: 95%
Magic:  5/5        EV:  3    Int: 12    God:
Gold:   72         SH:  0    Dex: 13    Spells: 5/5 levels left

rFire   . . .        a - +0 falchion {Rodica}
rCold   . . .        e - +0 dagger {Beli-Ashared}
rNeg    . . .        m - +0 plate armour
rPois   .            (no helmet)
rElec   .            (no cloak)
rCorr   .            (no gloves)
SInv    .            (no boots)
Will    .....        (amulet unavailable) Stlth
                     (ring unavailable)
HPRegen 0.24/turn    (ring unavailable)
MPRegen 0.09/turn    (no gizmo)

%: no passive effects
@: slowed, very slow
A: off-hand wielding, slow wielding, warmup strikes, no jewellery
a: Invent Gizmo


You were on level 3 of the Dungeon.
You visited 1 branch of the dungeon, and saw 3 of its levels.

You collected 114 gold pieces.
You spent 42 gold pieces at shops.

Inventory:

Hand Weapons
 a - a +0 falchion (weapon) {Rodica}
 e - a +0 dagger (offhand) {Beli-Ashared}
Missiles
 d - 7 darts of dispersal (quivered)
Armour
 m - a +0 plate armour (worn)
Wands
 j - a wand of charming (7)
Scrolls
 c - a scroll of blinking
 f - 4 scrolls of vulnerability
 k - a scroll of fear
Potions
 h - 2 potions of curing
 l - a potion of enlightenment
 n - a potion of degeneration {unknown}
 q - a potion of attraction {unknown}


   Skills:
 + Level 2.1 Fighting
 + Level 3.7 Long Blades
 - Level 0.8 Throwing
 + Level 1.2 Armour
 + Level 2.0 Dodging
 - Level 1.7 Spellcasting
 - Level 3.0 Translocations


You had 5 spell levels left.
You didn't know any spells.
Your spell library contained the following spells:

 Spells                   Type           Power      Damage    Failure   Level
 Blink                    Tloc           16%        N/A       100%        2
 Lesser Beckoning         Tloc           16%        N/A       100%        2
 Teleport Other           Tloc           8%         N/A       100%        3
 Manifold Assault         Tloc           8%         N/A       100%        4
 Vhi's Electric Charge    Tloc/Air       8%         N/A       100%        4


Dungeon Overview and Level Annotations

Branches:
Dungeon (3/15)

Altars:

Shops:
D:1 !

Annotations:
D:3 Natasha, Robin


Innate Abilities, Weirdness & Mutations

You can wield a second weapon in your off-hand.
It takes a long time for you to wield or remove held weapons.
Your first few attacks do less damage.
You cannot equip rings or amulets.


Message History

The goblin barely misses you.
Found a ring mail.
The cerulean imp hits you but does no damage.
The goblin unwields a +0 club.
The goblin wields a +0 sling.
The goblin shoots a sling bullet.
The sling bullet hits you but does no damage.
Natasha claws you but does no damage. The goblin hits you but does no damage.
The cerulean imp attacks as it pursues you!
The cerulean imp hits you but does no damage.
Natasha casts a spell.
The cerulean imp hits you but does no damage.
The endoplasm freezes you.
You are frozen.
* * * LOW HITPOINT WARNING * * *
The goblin hits you but does no damage.
The endoplasm hits you but does no damage.
The goblin completely misses you. The goblin attacks as it pursues you!
The goblin hits you but does no damage.
The cerulean imp hits you with a +0 spear.
* * * LOW HITPOINT WARNING * * *
The endoplasm attacks as it pursues you!
The endoplasm hits you but does no damage.
The jackal bites you but does no damage.
Natasha extends her claws.
You feel your willpower return. The jackal attacks as it pursues you!
The jackal bites you but does no damage.
The cerulean imp hits you from afar with a +0 spear.
* * * LOW HITPOINT WARNING * * *
The goblin hits you but does no damage.
Natasha extends her claws.
The endoplasm hits you but does no damage.
The jackal bites you but does no damage.
The goblin barely misses you.
The cerulean imp hits you from afar with a +0 spear.
* * * LOW HITPOINT WARNING * * *
The endoplasm freezes you.
You are frozen.
You die...

#.#...hg#*,,,,,,,,,,,*..
#,+..ggg#*,,,,,,,,,,,*..
**#..ro.#*,,,,,,******!.
#..ghg#*,,,,,,* *##
#.gg55#*,,,,,,* ##
*###.ggh5#*,,,,,,* ##
#....gJg.#*,,,,,,* #
#.....JJh#*,,,,,,* #
#.......@#******** #
#........# #
******#....!...# #
*,,,,,......[..# #
*,,,,,.........#* #
*,,,,,,.........* #
*,,,,,,.####....* #
*,,,,,,,* #....* #
*,,,,,,,* *,,,,* #


You could see Natasha, 3 cerulean imps, an orc, 3 endoplasms, 2 jackals, a
hobgoblin (strong), 10 goblins and a rat.

Vanquished Creatures
  An adder (D:2)
  An orc (D:3)
  5 bats
  4 endoplasms
  2 giant cockroaches
  3 hobgoblins
  5 quokkas
  4 ball pythons
  5 frilled lizards
  6 goblins
  A kobold (D:1)
  6 rats
43 creatures vanquished.

Notes
Turn   | Place    | Note
-------+----------+-------------------------------------------
     0 | D:1      | CowFu the Coglin Warper began the quest for the Orb.
     0 | D:1      | Reached XP level 1. HP: 16/16 MP: 3/3
   191 | D:1      | Reached XP level 2. HP: 21/22 MP: 4/4
   381 | D:1      | Found Alaokuma's Distillery.
   384 | D:1      | Bought a potion of curing for 42 gold pieces
   441 | D:1      | Reached XP level 3. HP: 25/27 MP: 5/5
   995 | D:2      | Reached skill level 1 in Armour
  1599 | D:3      | Noticed Natasha
  1599 | D:3      | Noticed Robin
  1609 | D:3      | HP: 1/27 [cerulean imp/+0 spear[Natasha] (2)]
  1610 | D:3      | Frozen to death by an endoplasm

Illustrated notes

Levels and vault maps discovered:
D:1:      ncdulo_wetmaze, layout_basic, serial_shops, shop
D:2:      layout_loops_ring, bh_walls_and_bars
D:3:      layout_basic, mainiacjoe_sewer_entry_somewhere_in_here_1,
          uniq_natasha, uniq_robin

Skill      XL: |  1  2  3 |
---------------+----------+-----
Long Blades    | 3 |  3.7
Armour         | 1 |  1.2
Dodging        | 2 |  2.0
Fighting       | |  2.1
Throwing       | |  0.8
Spellcasting   | |  1.7
Translocations | |  3.0

Action                     || total
---------------------------++-------
  Melee: Dagger            ||    87
         Falchion          ||    91
    Use: Scroll            ||     7
   Stab: Sleeping          ||     1
 Armour: Leather armour    ||    44
         Plate armour      ||    54
  Dodge: Dodged            ||    59

Table legend: (Time is in decaauts)
 A = Elapsed time spent in this place.
 B = Non-inter-level travel time spent in this place.
 C = Inter-level travel time spent in this place.
 D = Time resting spent in this place.
 E = Time spent auto-exploring this place.
 F = Levels seen in this place.
 G = Mean time per level.
                   A        B        C        D        E       F      G
               +--------+--------+--------+--------+--------+-----+--------+
         Total |   1620 |   1558 |     62 |      0 |   1253 |   3 |  540.0 |
       Dungeon |   1620 |   1558 |     62 |      0 |   1253 |   3 |  540.0 |
               +--------+--------+--------+--------+--------+-----+--------+

Top non-repeatable levels by time:
     D:2: 831 daAuts
     D:1: 746 daAuts
     D:3: 41 daAuts
